 Dungeon Crawl Stone Soup version 0.27.0-1-g7a089689b8 (webtiles) character file.

Game seed: 6662395967815051612

213 Malachi the Chiller (level 5, -1/35 HPs)
             Began as a Demonspawn Ice Elementalist on Aug 17, 2021.
             Was an Initiate of Dithmenos.
             Slain by a bullfrog zombie (3 damage)
             ... on level 5 of the Dungeon.
             The game lasted 00:06:59 (3451 turns).

Malachi the Chiller (Demonspawn Ice Elementalist)   Turns: 3451, Time: 00:07:00

Health: -1/35      AC:  4    Str:  8    XL:     5   Next: 59%
Magic:  7/8        EV: 12    Int: 21    God:    Dithmenos [......]
Gold:   87         SH:  0    Dex: 14    Spells: 5/9 levels left

rFire    . . .     SeeInvis .   o - +0 dagger
rCold    . . .     Faith    .   (no shield)
rNeg     . . .     Spirit   .   a - +0 robe
rPois    .         Reflect  .   (no helmet)
rElec    .         Harm     .   c - +1 cloak
rCorr    +         Rampage  .   (no gloves)
Will     .....                  (no boots)
Stlth    ++........             g - amulet of regeneration
HPRegen  1.11/turn              b - ring of resist corrosion
MPRegen  0.11/turn              (no ring)

@: no status effects
A: big brain 2, demonic magic 2
a: Renounce Religion


You were on level 5 of the Dungeon.
You worshipped Dithmenos.
Dithmenos was noncommittal.
You visited 1 branch of the dungeon, and saw 6 of its levels.

You collected 87 gold pieces.

Inventory:

Hand Weapons
 e - a +0 broad axe
 o - a +0 dagger (weapon)
Armour
 a - a +0 robe (worn)
 c - a +1 cloak (worn)
Jewellery
 b - a ring of resist corrosion (left hand)
 g - an amulet of regeneration (around neck)
Wands
 h - a wand of iceblast (9)
Scrolls
 k - 2 scrolls of amnesia
Potions
 d - 2 potions of curing
 f - a potion of invisibility {unknown}
 i - a potion of flight {unknown}
 j - a potion of brilliance {unknown}
 m - 2 potions of might {unknown}
 p - a potion of magic {unknown}
 s - a potion of lignification {unknown}


   Skills:
 + Level 1.4 Short Blades
 - Level 1.7 Dodging
 - Level 1.7 Stealth
 + Level 2.6 Spellcasting
 * Level 5.7 Ice Magic


You had 5 spell levels left.
You knew the following spells:

 Your Spells              Type           Power      Damage    Failure   Level
a - Freeze                Ice            100%       1d11      1%          1
b - Frozen Ramparts       Ice            52%        1d7       3%          3

Your spell library contained the following spells:

 Spells                   Type           Power      Damage    Failure   Level
 Ozocubu's Armour         Ice            26%        N/A       3%          3
 Hailstorm                Conj/Ice       14%        3d5       38%         4


Dungeon Overview and Level Annotations

Branches:
Dungeon (6/15)
 Temple: D:4-7

Altars:
Dithmenos
Hepliaklqana
Ru


Innate Abilities, Weirdness & Mutations

You have an extremely huge brain. (Int +4)
Spells you cast may paralyse nearby enemies.


Message History

Unknown command.
The helpless iguana fails to defend itself.
You puncture the iguana!
You kill the iguana!
Dithmenos accepts your kill.
Found a sedimented emerald potion.
You now have 87 gold pieces (gained 17).
Found 13 gold pieces and a trident.
Found a bubbling silvery potion.
There is a stone staircase leading up here.
You climb upwards.
You hear the hiss of flowing sand.
There is an entrance to an ossuary on this level.
Hurry and find it before the portal is buried!
A quokka and a zombie come into view.
Found 21 gold pieces and a war axe.
Found a stone staircase leading up.
There is a stone staircase leading down here.
A centaur and a zombie come into view.
Found 13 gold pieces.
An adder comes into view.
A hound skeleton comes into view.
The centaur shouts!
The centaur wields a +0 shortbow.
The centaur shoots an arrow.
The arrow hits you! The bullfrog zombie misses you.
The centaur shoots an arrow.
The arrow barely misses you. The bullfrog zombie hits you.
A centaur comes into view. It is carrying a wand of digging (6).
The centaur shouts!
The centaur wields a +0 shortbow.
The centaur shoots an arrow.
The arrow hits you but does no damage. The bullfrog zombie misses you.
The centaur shoots an arrow.
The arrow hits you. The bullfrog zombie hits you. The adder misses you.
The centaur shoots an arrow.
The arrow hits you!
A killer bee comes into view.
The centaur shoots an arrow.
The arrow hits you!
* * * LOW HITPOINT WARNING * * *
The bullfrog zombie closely misses you.
There is a stone staircase leading up here.
Unknown command.
The centaur zaps a wand.
Some rock shatters into small pieces.
The adder barely misses you. The bullfrog zombie hits you.
You die...

#........#...#...#.
#.......#$..#$..#c.
#....>...#...#.....
#.........#..y#...#.
#...........r.......
#..)...........#..#
#.....##....c......
########...ZSZ.##
#....@..# #########


You could see 2 centaurs, a killer bee, an adder, a bullfrog zombie, a quokka
and a hound skeleton.

Vanquished Creatures
  An iguana (D:6)
  7 adders
  7 gnolls (D:3)
  A worm (D:3)
  2 dart slugs (D:3)
  2 bats (D:1)
  4 endoplasms
  2 giant cockroaches (D:2)
  4 goblins
  A hobgoblin (D:1)
  4 jackals (D:3)
  2 quokkas
  6 ball pythons
  4 frilled lizards
  6 kobolds
  5 rats
58 creatures vanquished.

Vanquished Creatures (others)
  7 plants (D:3)
7 creatures vanquished.

Grand Total: 65 creatures vanquished

Notes
Turn   | Place    | Note
-------+----------+-------------------------------------------
     0 | D:1      | Malachi the Demonspawn Ice Elementalist began the quest for
                  | the Orb.
     0 | D:1      | Reached XP level 1. HP: 13/13 MP: 3/3
    56 | D:1      | Found a faded altar of an unknown god.
   840 | D:1      | Reached skill level 4 in Ice Magic
   881 | D:1      | Gained mutation: Spells you cast may paralyse adjacent
                  | enemies. [demonic ancestry]
   881 | D:1      | Reached XP level 2. HP: 19/19 MP: 3/5
  1194 | D:2      | Found a sacrificial altar of Ru.
  1292 | D:2      | Gained mutation: You have an unusually large brain. (Int
                  | +2) [demonic ancestry]
  1292 | D:2      | Reached XP level 3. HP: 23/24 MP: 1/6
  1421 | D:2      | Learned a level 3 spell: Frozen Ramparts
  2298 | D:3      | Reached skill level 5 in Ice Magic
  2385 | D:3      | Gained mutation: You have an extremely huge brain. (Int +4)
                  | [demonic ancestry]
  2385 | D:3      | Reached XP level 4. HP: 30/30 MP: 5/7
  2415 | D:3      | Found a hazy altar of Hepliaklqana.
  2417 | D:3      | Found a shadowy altar of Dithmenos.
  2417 | D:3      | Noticed a shadow
  2424 | D:3      | Became a worshipper of Dithmenos the Shadowed
  2791 | D:3      | Reached skill level 1 in Short Blades
  2791 | D:3      | Gained mutation: Spells you cast may paralyse nearby
                  | enemies. [demonic ancestry]
  2791 | D:3      | Reached XP level 5. HP: 34/35 MP: 5/8
  3420 | D:4      | You fall into a shaft and drop 2 floors!
  3443 | D:5      | Entered Level 5 of the Dungeon
  3444 | D:5      | Noticed a centaur
  3448 | D:5      | Noticed a centaur
  3450 | D:5      | HP: 1/35 [centaur/arrow (11)]
  3451 | D:5      | Slain by a bullfrog zombie

Illustrated notes

Levels and vault maps discovered:
D:1:      ncdulo_smallfort, layout_rooms, ebering_ecumenical_altar_petrified
D:2:      layout_loops_ring, basic_altar
D:3:      layout_basic, riverfiend_overflow_shadow_ancestor,
          kennysheep_small_spiral, kennysheep_boxes
D:4:      layout_rooms, mainiacjoe_overflow_paths, lemuel_crystal_altar
D:5:      cheibrodos_fzero, layout_rooms, mainiacjoe_overflow_surrounded_room,
          minmay_temple_entry_glass, serial_shops, shop_fountains,
          enter_ossuary_4, uniq_pikel
D:6:      layout_rooms, serial_shops, nicolae_take_the_stairs,
          minmay_misc_feat_doors, uniq_blork_the_orc

Skill      XL: |  1  2  3  4 |
---------------+-------------+-----
Ice Magic      | 4 5 |  5.7
Short Blades   | 1 |  1.4
Dodging        | |  1.7
Stealth        | |  1.7
Spellcasting   | |  2.6

Action                   |  1- 3 |  4- 6 || total
-------------------------+-------+-------++-------
Melee: Broad axe         |    42 |       ||    42
       Dagger            |     4 |    14 ||    18
 Cast: Freeze            |    41 |    22 ||    63
       Frozen Ramparts   |       |     4 ||     4
  Use: Scroll            |     2 |     6 ||     8
 Stab: Paralysed         |     4 |     6 ||    10
       Sleeping          |     2 |     1 ||     3
Armor: Robe              |    25 |     6 ||    31
Dodge: Dodged            |    51 |    24 ||    75
